 Dungeon Crawl Stone Soup version 0.31-a0-1540-g5a0b83f448 (webtiles) character file.

Game seed: 8816056079932120097

268 MisterAzrael the Changeling (level 6, -2/38 HPs)
             Began as an Octopode Shapeshifter on Jan 2, 2024.
             Slain by a bullfrog (4 damage)
             ... in a sewer.
             The game lasted 00:02:46 (2446 turns).

MisterAzrael the Changeling (Octopode Shapeshifter) Turns: 2446, Time: 00:02:47

Health: -2/38      AC:  1    Str: 15    XL:     6   Next: 21%
Magic:  6/6        EV: 13    Int: 12    God:
Gold:   99         SH:  0    Dex: 12    Spells: 5/5 levels left

rFire   . .          .
                       - Unarmed
rCold   . . .        (no shield)
rNeg    . . .        (helmet currently unavailable)
rPois   .            (no amulet)
rElec   .            (no ring)
rCorr   .            (no ring)
SInv    .            (no ring)
Will    .....        (no ring)
Stlth   +++          (no ring)
HPRegen 0.26/turn    (no ring)
MPRegen 0.10/turn    (no ring)
                     (no ring)

%: no passive effects
@: lethally poisoned (-2 -> -6), beast-form
A: beast (slay +3), almost no armour, amphibious, 8 rings, camouflage 1,
gelatinous body 1, nimble swimmer 1, tentacles
a: Begin Untransformation


You were in a sewer.
You were a hulking beast.
You visited 1 branch of the dungeon, and saw 3 of its levels.
You also visited: Sewer.

You collected 99 gold pieces.

Inventory:

Talismans
 b - a beast talisman
 c - a flux talisman
Scrolls
 g - a scroll of amnesia {unknown}
 h - a scroll of enchant armour {unknown}
 i - a scroll of poison {unknown}
 j - a scroll of identify {unknown}
 k - a scroll of brand weapon {unknown}
 m - a scroll of immolation {unknown}
 n - a scroll of noise {unknown}
 o - a scroll of revelation {unknown}
 p - a scroll of blinking {unknown}
Potions
 a - a potion of cancellation {unknown}
 d - a potion of mutation {unknown}
 e - 2 potions of curing {unknown}
 f - a potion of enlightenment {unknown}
 l - 2 potions of heal wounds
 q - a potion of brilliance {unknown}


   Skills:
 - Level 1.0 Fighting
 - Level 2.0 Dodging
 + Level 4.6 Unarmed Combat
 * Level 5.4 Shapeshifting


You had 5 spell levels left.
You didn't know any spells.
Your spell library contained the following spells:

 Spells                   Type           Power      Damage    Failure   Level
 Freeze                   Ice            0%         1d3       32%         1
 Frozen Ramparts          Ice            0%         1d1       69%         3
 Hailstorm                Conj/Ice       0%         3d5       69%         3


Dungeon Overview and Level Annotations

Branches:
Dungeon (3/15)              Sewer (1/1)

Altars:
Elyvilon
Qazlal
Trog
Vehumet
The Shining One

Shops:
D:1 *


Innate Abilities, Weirdness & Mutations

You are a hulking beast.
Your limbs bulge with bestial killing power. (Slay +3)
You cannot wear most types of armour.
You are amphibious.
You can wear up to eight rings at the same time.
Your skin changes colour to match your surroundings (Stealth+).
Your rubbery body absorbs attacks. (AC +1, EV +1)
You are camouflaged when in or above water. (Stealth+)
You have tentacles for arms and can constrict up to eight enemies at once.


Message History

The frilled lizard hisses angrily.
The bullfrog gives a loud, deep croak!
The ball python hisses angrily.
The ball python bites you. The ball python misses you.
The ball python bites you. The ball python misses you.
You barely miss the ball python. Your grab misses the ball python.
Your squeeze misses the ball python. The ball python bites you.
The ball python barely misses you.
You closely miss the bullfrog. You grab the bullfrog.
You constrict the bullfrog.
The bullfrog hits you but does no damage.
The adder bites you. x2
You are poisoned.
The adder poisons you! The ball python bites you. The ball python grabs you.
The ball python constricts you.
You barely miss the ball python. Your grab misses the ball python.
You constrict the bullfrog.
You feel sick. The bullfrog hits you! The adder misses you.
The bullfrog hits you!
* * * LOW HITPOINT WARNING * * *
The ball python bites you.
* * * LOW HITPOINT WARNING * * *
You are too injured to fight recklessly!
You are too injured to fight recklessly!
You are too injured to fight recklessly!
It was a potion of heal wounds.
You feel much better.
You constrict the bullfrog.
You feel sick. The adder bites you. The frilled lizard bites you.
The ball python bites you. The ball python constricts you.
The bullfrog closely misses you. The adder bites you.
You are more poisoned.
The adder poisons you! The ball python closely misses you. The adder bites you.
* * * LOW HITPOINT WARNING * * *
You escape the ball python's grasp.
You release your grip on the bullfrog.
You feel sick.
The frilled lizard attacks as it pursues you!
The frilled lizard bites you but does no damage.
The adder closely misses you. The bullfrog closely misses you.
You feel sick. The bullfrog hits you!
* * * LOW HITPOINT WARNING * * *
The adder barely misses you. The bullfrog hits you.
You die...

≈≈≈~#
#≈≈~~≈≈#
≈≈~~#
#≈≈≈~≈≈#
~~.≈#
#≈≈≈~≈≈#
(.~≈#
#≈≈≈≈~≈#
~~~##
#≈≈≈≈.≈#
≈≈≈≈#
#≈≈≈≈.≈#
≈≈≈≈#
#≈≈≈#~≈#
~≈≈≈#
#≈≈≈~≈≈#
≈~≈≈#
#≈≈~lFh#
≈≈~≈#
#≈≈~SFS#
≈≈~≈#
#≈≈~SSl#
≈≈~≈#
#≈≈≈~≈S#
...##
##..~~##
....#
#......
...##
#......#
...#
+......#
..##
##....##


You could see 2 bullfrogs, 2 adders, 3 ball pythons and 2 frilled lizards.

Vanquished Creatures
  An orc wizard (D:3)
  Natasha (D:3)
  7 adders
  7 river rats
  A dart slug (D:1)
  5 orcs
  10 ball pythons
  5 endoplasms
  7 giant cockroaches
  3 goblins
  7 hobgoblins
  4 kobolds
  4 quokkas
  6 bats
  29 rats
97 creatures vanquished.

Notes
Turn   | Place    | Note
-------+----------+-------------------------------------------
     0 | D:1      | MisterAzrael the Octopode Shapeshifter began the quest for
                  | the Orb.
     0 | D:1      | Reached XP level 1. HP: 13/13 MP: 1/1
   112 | D:1      | Reached XP level 2. HP: 18/18 MP: 2/2
   378 | D:1      | Reached XP level 3. HP: 22/23 MP: 3/3
   604 | D:1      | Found Kiroble's General Store.
   931 | D:2      | Reached skill level 4 in Shapeshifting
   931 | D:2      | Reached XP level 4. HP: 16/28 MP: 4/4
  1458 | D:3      | Found a bloodstained altar of Trog.
  1535 | D:3      | Found a radiant altar of Vehumet.
  1550 | D:3      | Found a glowing golden altar of the Shining One.
  1694 | D:3      | Found a white marble altar of Elyvilon.
  1734 | D:3      | Noticed Natasha
  1735 | D:3      | Found a stormy altar of Qazlal.
  1740 | D:3      | Killed Natasha
  1741 | D:3      | Reached XP level 5. HP: 30/33 MP: 5/5
  1924 | D:3      | Reached skill level 5 in Shapeshifting
  1928 | D:3      | Found a glowing drain.
  1933 | Sewer    | Entered a sewer
  2053 | Sewer    | Reached XP level 6. HP: 25/38 MP: 6/6
  2446 | Sewer    | Slain by a bullfrog

Illustrated notes

Levels and vault maps discovered:
D:1:      dpeg_arrival_round_a, layout_loops_ring, serial_shops, shop,
          minmay_misc_feat_diagonals, hangedman_decor_push, st_stairs_3
D:2:      layout_rooms
D:3:      layout_loops_ring, kennysheep_ying_yang, trog_three_pillars_becter,
          mainiacjoe_overflow_tiny_flanked, mainiacjoe_overflow_small_starburst,
          nicolae_qazlal_scattered_showers, gup_sewer_entry_bowl, uniq_natasha
Sewer:    sewer_minmay_w

Skill      XL: |  1  2  3  4  5 |
---------------+----------------+-----
Shapeshifting  | 4 5 |  5.4
Unarmed Combat | 4 |  4.6
Fighting       | |  1.0
Dodging        | |  2.0

Action                     |  1- 3 |  4- 6 || total
---------------------------+-------+-------++-------
  Melee: Unarmed           |    56 |   124 ||   180
         Constrict         |    13 |    37 ||    50
         Tentacles         |    11 |    18 ||    29
         Punch             |       |     2 ||     2
    Use: Potion            |       |     2 ||     2
   Stab: Sleeping          |     7 |     5 ||    12
 Armour: Skin              |    23 |   109 ||   132
  Dodge: Dodged            |    27 |    79 ||   106

Table legend: (Time is in decaauts)
 A = Elapsed time spent in this place.
 B = Non-inter-level travel time spent in this place.
 C = Inter-level travel time spent in this place.
 D = Time resting spent in this place.
 E = Time spent auto-exploring this place.
 F = Levels seen in this place.
 G = Mean time per level.
                   A        B        C        D        E       F      G
               +--------+--------+--------+--------+--------+-----+--------+
         Total |   2431 |   2412 |     19 |    443 |   1530 |   4 |  607.8 |
       Dungeon |   1925 |   1906 |     19 |    165 |   1416 |   3 |  641.7 |
         Sewer |    506 |    506 |      0 |    278 |    114 |   1 |  506.0 |
               +--------+--------+--------+--------+--------+-----+--------+

Top non-repeatable levels by time:
     D:1: 741 daAuts
     D:2: 709 daAuts
   Sewer: 506 daAuts
     D:3: 474 daAuts
